 Dungeon Crawl Stone Soup version 0.27-a0-1119-gbf574a6a6b (webtiles) character file.

Game seed: 3340746817044259450

2671 Zeld the Fighter (level 9, -13/82 (84) HPs)
             Began as a Minotaur Berserker on May 3, 2021.
             Was an Elder of Trog.
             Mangled by a wight
             ... wielding a +2 battleaxe
              (19 damage)
             ... on level 7 of the Dungeon.
             The game lasted 00:07:42 (7737 turns).

Zeld the Fighter (Minotaur Berserker)               Turns: 7737, Time: 00:07:43

HP:   -13/82 (84)   AC:  2    Str: 25    XL:     9   Next: 37%
MP:   8/8           EV: 14    Int:  4    God:    Trog [****..]
Gold: 126           SH:  5    Dex: 10    Spells: 8/8 levels left

rFire    . . .     SeeInvis .   a - +0 hand axe
rCold    + . .     Faith    .   (no shield)
rNeg     . . .     Spirit   .   (no armour)
rPois    .         Reflect  +   (helmet restricted)
rElec    .         Harm     .   (no cloak)
rCorr    .         Rampage  .   n - +1 pair of gloves
Will     .....                  (no boots)
Stlth    +.........             d - amulet of reflection
HPRegen  0.23/turn              h - ring of protection from cold
MPRegen  0.11/turn              (no ring)

@: about to teleport, on berserk cooldown, slowed, lightly drained, very slow
A: horns 2, retaliatory headbutt
a: Renounce Religion, Berserk, Trog's Hand, Brothers in Arms


You were on level 7 of the Dungeon.
You worshipped Trog.
Trog was greatly pleased with you.
You visited 1 branch of the dungeon, and saw 7 of its levels.

You collected 394 gold pieces.
You spent 268 gold pieces at shops.

Inventory:

Hand Weapons
 a - a +0 hand axe (weapon)
Armour
 n - a +1 pair of gloves (worn)
Jewellery
 d - an amulet of reflection (around neck)
 h - a ring of protection from cold (left hand)
Wands
 i - a wand of iceblast (4)
 q - a wand of acid (3)
Scrolls
 b - 3 scrolls of teleportation
 e - 2 scrolls of magic mapping
 j - a scroll of fear
 o - 3 scrolls of blinking
 p - a scroll of fog {unknown}
 v - a scroll of noise {unknown}
Potions
 c - 2 potions of haste {unknown}
 f - a potion of attraction {unknown}
 g - a potion of ambrosia {unknown}
 k - a potion of heal wounds {unknown}
 l - 5 potions of curing
 r - a potion of lignification {unknown}
 s - a potion of degeneration {unknown}
 t - a potion of magic {unknown}
 u - a potion of brilliance {unknown}


   Skills:
 * Level 9.6 Fighting
 * Level 9.6 Axes
 - Level 2.4 Armour
 * Level 8.4 Dodging


You had 8 spell levels left.
You didn't know any spells.
Your spell library was empty.

Dungeon Overview and Level Annotations

Branches:
Dungeon (7/15)             Temple (0/1) D:4

Altars:
Cheibriados
Hepliaklqana
Nemelex Xobeh
Ru
Sif Muna
Uskayaw
Zin

Shops:
D:2 *   D:4 ?


Innate Abilities, Weirdness & Mutations

You have a pair of horns on your head.
You reflexively headbutt those who attack you in melee.


Message History

Things that are here:
a +0 mace; a +0 leather armour You feel a strong urge to attack something.
You see here a +0 short sword.
You are no longer berserk.
You are exhausted.
You feel yourself slow down.
Really walk into that dispersal trap?
Okay, then.
You block the orc warrior's attack. The orc warrior misses you.
You see here a +0 short sword.
Press: ? - help, v - describe, . - travel, g - get item
Here: an orc warrior, wielding a +2 vampiric scimitar and wearing a +0 plate armour
Items here: a +0 mace; a +0 leather armour.
The floor, spattered with blood.
Unknown command.
Really walk into that dispersal trap?
You enter a dispersal trap!
The orc warrior blinks! x2; The orc blinks!
You blink.
Found a stone staircase leading down.
The orc completely misses you. You furiously retaliate!
You headbutt the orc!
You kill the orc!
Trog accepts your kill.
The wight enters a dispersal trap!
You blink.
The wight blinks!
A jelly comes into view.
The wight enters a dispersal trap!
You blink.
The jelly barely misses you.
Found 18 gold pieces and a robe.
The sentinel's mark upon you fades away.
The jelly completely misses you. The jelly barely misses you.
There is a stone staircase leading down here.
The jelly hits you.
* * * LOW HITPOINT WARNING * * *
You are splashed with acid!
* * * LOW HITPOINT WARNING * * *
Okay, then.
As you read the scroll of teleportation, it crumbles to dust.
You feel strangely unstable. You block the jelly's attack.
The wight hits you with a +2 battleaxe!!
You die...

## ..# #.# ##########
# ## #.# #........
[...##.###.##..####.##
#.........oJ@.......
#.......$..z.####.##
#.##)###.....# # #)#
###.### #)#####.#
#.).z...# #z.###).#
#....#..# ##.#o#..# ..


You could see an orc warrior, a jelly and a wight.

Vanquished Creatures
  A two-headed ogre (D:6)
  A hornet (D:7)
  2 water moccasins
  3 sky beasts
  A black bear (D:7)
  2 ogres (D:5)
  A centaur (D:2)
  A kobold brigand (D:6)
  2 bullfrogs
  2 wights (D:7)
  A howler monkey (D:6)
  A bullfrog zombie (D:7)
  4 orc priests
  2 hounds
  A centaur skeleton (D:6)
  2 iguanas
  4 orc wizards
  A killer bee zombie (D:7)
  4 gnolls (D:2)
  8 adders
  2 ufetubi
  An adder skeleton (D:4)
  A worm (D:2)
  2 dart slugs (D:2)
  17 orcs
  8 endoplasms
  4 giant cockroaches
  6 goblins
  8 hobgoblins
  12 jackals
  11 kobolds
  6 quokkas
  8 ball pythons
  8 bats
  2 frilled lizards
  5 rats
145 creatures vanquished.

Notes
Turn   | Place    | Note
-------+----------+-------------------------------------------
     0 | D:1      | Zeld the Minotaur Berserker began the quest for the Orb.
     0 | D:1      | Reached XP level 1. HP: 19/19 MP: 0/0
   157 | D:1      | Reached XP level 2. HP: 22/27 MP: 1/1
   572 | D:1      | Reached ** piety under Trog
   709 | D:1      | Reached XP level 3. HP: 28/33 MP: 2/2
  1134 | D:2      | Noticed a centaur
  1140 | D:2      | Killed a centaur
  1141 | D:2      | Reached XP level 4. HP: 25/41 MP: 3/3
  1390 | D:2      | Reached skill level 5 in Axes
  1390 | D:2      | Reached XP level 5. HP: 24/47 MP: 4/4
  1621 | D:2      | Reached skill level 5 in Fighting
  1778 | D:2      | Found Rukiud's Assorted Antiques.
  1784 | D:2      | Bought a scroll labelled HEHAME YKEROIP for 31 gold pieces
  1784 | D:2      | Bought a scroll labelled HEHAME YKEROIP for 31 gold pieces
  1784 | D:2      | Bought a fizzy golden potion for 27 gold pieces
  2634 | D:2      | Bought a scroll labelled RYOCSOCSATHI for 31 gold pieces
  2683 | D:3      | Reached *** piety under Trog
  2941 | D:3      | Reached XP level 6. HP: 56/56 MP: 5/5
  3262 | D:3      | Found a hide-covered altar of Uskayaw.
  3579 | D:4      | Found a staircase to the Ecumenical Temple.
  3809 | D:4      | Found a snail-covered altar of Cheibriados.
  4334 | D:4      | Found Kalebouff's Magic Scroll Shop.
  4342 | D:4      | Bought a scroll of blinking for 82 gold pieces
  4403 | D:5      | Entered Level 5 of the Dungeon
  4407 | D:5      | Reached skill level 5 in Dodging
  4407 | D:5      | Reached XP level 7. HP: 63/63 MP: 6/6
  4448 | D:5      | Identified the +7 dagger "Essopute" {vorpal, Dex+4}
  4526 | D:5      | Found a sacrificial altar of Ru.
  4902 | D:5      | Reached **** piety under Trog
  4986 | D:5      | Found a shimmering blue altar of Sif Muna.
  4986 | D:5      | Found a glowing silver altar of Zin.
  4993 | D:5      | Found a sparkling altar of Nemelex Xobeh.
  5354 | D:5      | Found a hazy altar of Hepliaklqana.
  5708 | D:4      | Bought a scroll of teleportation for 33 gold pieces
  5708 | D:4      | Bought a scroll of teleportation for 33 gold pieces
  5767 | D:6      | Reached XP level 8. HP: 56/73 MP: 7/7
  6373 | D:6      | Noticed a two-headed ogre
  6385 | D:6      | Killed a two-headed ogre
  6525 | D:6      | Reached XP level 9. HP: 74/82 MP: 8/8
  6545 | D:6      | HP: 4/83 [poisoned by a water moccasin]
  7400 | D:7      | Paralysed by a hornet for 1 turns
  7737 | D:7      | Mangled by a wight

Illustrated notes

Levels and vault maps discovered:
D:1:      lightli_arrival_quake, layout_basic, minmay_pentomino_w4
D:2:      layout_loops_ring, serial_shops, nicolae_shop_waterfront,
          corexii_item_surrounded_by_moat, chequers_hall_statues_y,
          minmay_indecisive_spiral
D:3:      layout_basic, overflow_temple_1_default, hangedman_decor_lopped,
          due_unseen_surprise
D:4:      layout_basic, nicolae_overflow_crystal_walls,
          minmay_temple_entry_stoned_glass, serial_shops, shop_statue
D:5:      layout_basic, nemelex_xobeh_ov_fountains_minmay,
          amcnicky_altar_gilded, lemuel_round_altar,
          gammafunk_temple_overflow_statue, minmay_between
D:6:      layout_cave_pools
D:7:      layout_loops_ring, lemuel_crystal_altar

Skill      XL: |  1  2  3  4  5  6  7  8  9 |
---------------+----------------------------+-----
Fighting       | 4 5 6 7 8 9 |  9.6
Axes           | 4 5 6 7 8 9 |  9.6
Dodging        | 3 4 5 6 7 8 |  8.4
Armour         | |  2.4

Action                   |  1- 3 |  4- 6 |  7- 9 || total
-------------------------+-------+-------+-------++-------
Melee: Hand axe          |    51 |   127 |   143 ||   321
       Headbutt          |     9 |    24 |    33 ||    66
Invok: Berserk           |     1 |     5 |     6 ||    12
  Use: Potion            |       |     1 |       ||     1
       Scroll            |       |       |     6 ||     6
 Stab: Sleeping          |       |       |     1 ||     1
Armor: Skin              |       |    12 |     6 ||    18
Dodge: Dodged            |    39 |    86 |    87 ||   212
Block: Other             |       |       |    22 ||    22

Table legend: (Time is in decaauts)
 A = Elapsed time spent in this place.
 B = Non-inter-level travel time spent in this place.
 C = Inter-level travel time spent in this place.
 D = Time resting spent in this place.
 E = Time spent auto-exploring this place.
 F = Levels seen in this place.
 G = Mean time per level.
                   A        B        C        D        E       F      G
               +--------+--------+--------+--------+--------+-----+--------+
         Total |   7844 |   7483 |    361 |   1121 |   5530 |   7 | 1120.6 |
       Dungeon |   7844 |   7483 |    361 |   1121 |   5530 |   7 | 1120.6 |
               +--------+--------+--------+--------+--------+-----+--------+

Top non-repeatable levels by time:
     D:2: 1617 daAuts
     D:6: 1611 daAuts
     D:5: 1229 daAuts
     D:1: 1065 daAuts
     D:4: 996 daAuts
     D:3: 834 daAuts
     D:7: 490 daAuts
